 Dungeon Sprint DCSS version 0.20.1-1-g8b1a95d (webtiles) character file.

98 potatolord6000 the Caller (level 4, -20/24 HPs)
             Began as a Deep Elf Summoner on Aug 29, 2017.
             Was a Believer of Sif Muna.
             Demolished by an orc warrior
             ... wielding a +0 trident
              (22 damage)
             ... in the Dungeon (Sprint VII: "The Pits").
             The game lasted 00:06:50 (620 turns).

potatolord6000 the Caller (Deep Elf Summoner)        Turns: 620, Time: 00:06:51

Health: -20/24     AC:  2    Str:  5    XL:     4   Next: 44%
Magic:  3/14       EV: 15    Int: 21    God:    Sif Muna [**....]
Gold:   0          SH:  0    Dex: 15    Spells: 5/15 levels left

rFire    . . .     SeeInvis .   j - +2 dagger
rCold    . . .     Gourm    .   (no shield)
rNeg     . . .     Faith    .   a - +0 robe
rPois    .         Spirit   .   (no helmet)
rElec    .         Reflect  .   (no cloak)
rCorr    .         Harm     .   (no gloves)
MR       .....     NoTele   +   (no boots)
Stlth    +++.......             (no amulet)
Regen    0.1/turn               (no ring)
MPRegen  0.2/turn               (no ring)

@: no status effects
A: no striking features
a: Divine Energy, Renounce Religion


You were in the Dungeon.
You worshipped Sif Muna.
Sif Muna was pleased with you.
You were not hungry.

You visited 1 branch

Inventory:

Hand Weapons
 j - a +2 dagger (weapon)
Armour
 a - a +0 robe (worn)
Scrolls
 i - a scroll of blinking
 l - 3 scrolls of remove curse
 m - 5 scrolls of amnesia
 n - a scroll of summoning
Potions
 d - 6 potions of curing
 e - 6 potions of heal wounds
 f - a potion of haste
 g - 4 potions of magic
 h - 3 potions of berserk rage
 k - 2 potions of invisibility
Books
 b - a book of Callings

   Spells                             Type                      Level
   a - Summon Small Mammal            Summoning                    1
   b - Call Imp                       Summoning                    2
   c - Call Canine Familiar           Summoning                    3
   d - Summon Guardian Golem          Hexes/Summoning              3
   e - Summon Lightning Spire         Summoning/Air                4
   f - Summon Ice Beast               Ice/Summoning                4
Comestibles
 c - 8 bread rations
 o - 40 fruits
 p - 7 meat rations


   Skills:
 + Level 5.8 Dodging
 + Level 6.2 Stealth
 + Level 6.4 Spellcasting
 + Level 6.6 Summonings


You had 5 spell levels left.
You knew the following spells:

 Your Spells              Type           Power        Failure   Level  Hunger
a - Summon Small Mammal   Summ           ####         1%          1    None
b - Call Imp              Summ           ####....     1%          2    None
c - Call Canine Familiar  Summ           ####....     1%          3    #......
d - Summon Ice Beast      Ice/Summ       ###.....     24%         4    ###....


Dungeon Overview and Level Annotations

Branches:
Dungeon (1/1)

Altars:
Ashenzari
Cheibriados
Dithmenos
Elyvilon
Fedhas
Gozag
Hepliaklqana
Kikubaaqudgha
Makhleb
Nemelex Xobeh
Okawaru
Qazlal
Ru
Sif Muna
Trog
Uskayaw
Vehumet
Xom
Yredelemnul
Zin
The Shining One
Beogh
Jiyva
Lugonu

Annotations:
D Menkaure


Message History

The necrophage hits your ice beast.
Your ice beast looks less resilient!
Your ice beast hits the orc warrior but does no damage.
The ogre hits your ice beast with a giant club.
The necrophage hits your ice beast but does no damage.
The jackal bites your ice beast.
Your ice beast hits the orc warrior.
Your ice beast freezes the orc warrior!
Unknown command.
The orc warrior hits you from afar with a trident!!
Ouch! That really hurt!
* * * LOW HITPOINT WARNING * * *
The necrophage hits your ice beast.
Your ice beast dies!
Unknown command.
The orc warrior hits you from afar with a trident.
* * * LOW HITPOINT WARNING * * *
Unknown command.
Unknown command.
The orc warrior hits you from afar with a trident!!
Ouch! That really hurt!
You die...

#...........'.)...
#'#####'#####.....
#.#.....#[[##.....
#.#.....#))#####'#
#.###'###))##.....
#.#.....#))##.....
#.#.....#..##.....
#Y####'##'###...<.
#@#........##.....
#.#..†.....##.....
#o###########.....
#Oh..oM.# ######
#†.n#o..# #...# .#
#.##. #.. #. #..
..


You could see an orc warrior, an ogre, a jackal and a friendly ice beast.

Vanquished Creatures
  A floating eye (D)
1 creature vanquished.

Vanquished Creatures (collateral kills)
  A worker ant (D)
  A gnoll (D)
  A river rat (D)
  An ufetubus (D)
  A leopard gecko (D)
  A hobgoblin (D)
  3 jackals (D)
  A quokka (D)
  A rat (D)
11 creatures vanquished.

Grand Total: 12 creatures vanquished

Notes
Turn   | Place    | Note
-------+----------+-------------------------------------------
     0 | D        | potatolord6000 the Deep Elf Summoner began the quest for the Orb.
     0 | D        | Reached XP level 1. HP: 10/10 MP: 6/6
   114 | D        | Found a bloodstained altar of Trog.
   114 | D        | Found a deep blue altar of Sif Muna.
   114 | D        | Found a viscous altar of Jiyva.
   114 | D        | Found a hazy altar of Hepliaklqana.
   114 | D        | Found an opulent altar of Gozag.
   115 | D        | Found a glowing golden altar of the Shining One.
   115 | D        | Found a glowing silver altar of Zin.
   115 | D        | Found a basalt altar of Yredelemnul.
   115 | D        | Found a shimmering altar of Xom.
   115 | D        | Found a sacrificial altar of Ru.
   115 | D        | Found a stormy altar of Qazlal.
   115 | D        | Found an iron altar of Okawaru.
   115 | D        | Found a sparkling altar of Nemelex Xobeh.
   115 | D        | Found a burning altar of Makhleb.
   115 | D        | Found a blossoming altar of Fedhas.
   115 | D        | Found a white marble altar of Elyvilon.
   115 | D        | Found a shadowy altar of Dithmenos.
   115 | D        | Found a snail-covered altar of Cheibriados.
   118 | D        | Found a corrupted altar of Lugonu.
   118 | D        | Found a radiant altar of Vehumet.
   118 | D        | Found a roughly hewn altar of Beogh.
   119 | D        | Found an ancient bone altar of Kikubaaqudgha.
   119 | D        | Found a hide-covered altar of Uskayaw.
   119 | D        | Found a shattered altar of Ashenzari.
   156 | D        | Became a worshipper of Sif Muna the Loreminder
   178 | D        | Noticed a floating eye
   183 | D        | Paralysed by a floating eye for 3 turns
   189 | D        | Paralysed by a floating eye for 4 turns
   198 | D        | Paralysed by a floating eye for 2 turns
   203 | D        | Paralysed by a floating eye for 4 turns
   207 | D        | Killed a floating eye
   207 | D        | Reached * piety under Sif Muna
   207 | D        | Reached skill level 5 in Dodging
   207 | D        | Reached skill level 5 in Stealth
   207 | D        | Reached skill level 5 in Spellcasting
   207 | D        | Reached XP level 2. HP: 10/15 MP: 4/10
   207 | D        | Reached XP level 3. HP: 13/19 MP: 4/12
   207 | D        | Reached XP level 4. HP: 17/24 MP: 4/13
   227 | D        | Learned a level 2 spell: Call Imp
   231 | D        | Learned a level 3 spell: Call Canine Familiar
   236 | D        | Learned a level 4 spell: Summon Ice Beast
   604 | D        | Noticed a necrophage
   605 | D        | Noticed Menkaure
   605 | D        | Noticed an ogre
   605 | D        | Noticed a sky beast
   606 | D        | Noticed an orc warrior
   611 | D        | Reached ** piety under Sif Muna
   620 | D        | Demolished by an orc warrior

Skill      XL: |  1  2  3  4 |
---------------+-------------+-----
Dodging        | 5 |  5.8
Stealth        | 5 6 |  6.2
Spellcasting   | 5 6 |  6.4
Summonings     | 6 |  6.6

Action                   |  1- 3 |  4- 6 || total
-------------------------+-------+-------++-------
Melee: Dagger            |     3 |       ||     3
 Cast: Summon Small Mamm |    12 |     3 ||    15
       Summon Ice Beast  |       |     4 ||     4
       Call Imp          |       |     3 ||     3
       Call Canine Famil |       |     2 ||     2
Armor: Robe              |     1 |     1 ||     2
Dodge: Dodged            |       |     7 ||     7
